 Dungeon Crawl Stone Soup version 0.19.4 (webtiles) character file.

151 Mefis the Magician (level 5, -3/28 HPs)
             Began as a Deep Elf Wizard on Feb 1, 2017.
             Slain by an orc priest
             ... wielding a +0 short sword
              (6 damage)
             ... on level 4 of the Dungeon.
             The game lasted 00:04:10 (3593 turns).

Mefis the Magician (Deep Elf Wizard)                Turns: 3593, Time: 00:04:11

Health: -3/28      AC:  3    Str:  4    XL:     5   Next: 11%
Magic:  7/15       EV: 13    Int: 24    God:
Gold:   198        SH:  0    Dex: 13    Spells: 7 memorised, 0 levels left

rFire  . . .     SeeInvis .     a - +0 spear
rCold  . . .     Gourm    .     r - +0 robe
rNeg   . . .     Faith    +     (no shield)
rPois  +         Spirit   .     s - +0 hat
rElec  .         Reflect  .     (no cloak)
rCorr  .         Harm     .     (no gloves)
MR     .....                    p - +0 pair of boots
Stlth  ++........               u - amulet of faith
                                n - ring of poison resistance
                                g - ring of flight

@: repel missiles
A: no striking features
a: Evoke Flight


You were on level 4 of the Dungeon.
You were not hungry.

You visited 1 branch of the dungeon, and saw 4 of its levels.

You collected 198 gold pieces.

Inventory:

Hand Weapons
 a - a +0 spear (weapon)
 b - a +0 hunting sling
 e - a +0 dagger
Missiles
 t - 14 sling bullets
 x - 5 javelins (quivered)
 y - 2 poisoned needles
Armour
 p - a +0 pair of boots (worn)
 r - a +0 robe (worn)
 s - a +0 hat (worn)
Jewellery
 g - a ring of flight (left hand)
 n - a ring of poison resistance (right hand)
 u - an amulet of faith (around neck)
Scrolls
 f - 5 scrolls of identify {unknown}
 h - 4 scrolls of teleportation {unknown}
 j - 2 scrolls of magic mapping {unknown}
 k - a scroll of enchant armour {unknown}
 l - a scroll of fear {unknown}
 m - 5 scrolls of enchant weapon {unknown}
 o - 2 scrolls of immolation {unknown}
 q - a scroll of recharging {unknown}
 A - a scroll of noise {unknown}
Potions
 i - a potion of degeneration {unknown}
 v - a potion of mutation {unknown}
 w - 3 potions of might {unknown}
Books
 c - a book of Minor Magic

   Spells                             Type                      Level
   a - Magic Dart                     Conjuration                  1
   b - Blink                          Translocation                2
   c - Call Imp                       Summoning                    2
   d - Repel Missiles                 Charms/Air                   2
   e - Slow                           Hexes                        2
   f - Conjure Flame                  Conjuration/Fire             3
   g - Mephitic Cloud                 Conjuration/Poison/Air       3
Comestibles
 d - 2 bread rations
 z - a beef jerky


   Skills:
 + Level 2.9 Dodging
 + Level 3.2 Stealth
 * Level 5.7 Spellcasting
 + Level 2.3 Conjurations
 + Level 0.3 Hexes
 + Level 1.7 Charms
 - Level 1.1 Summonings
 - Level 1.1 Translocations
 + Level 1.7 Air Magic
 + Level 0.7 Poison Magic


You couldn't memorise any spells.
You knew the following spells:

 Your Spells              Type           Power        Failure   Level  Hunger
a - Magic Dart            Conj           ###.         3%          1    None
b - Call Imp              Summ           ##......     10%         2    None
c - Blink                 Tloc           N/A          10%         2    None
d - Repel Missiles        Chrm/Air       ###...       8%          2    None
e - Mephitic Cloud        Conj/Pois/Air  ##......     14%         3    #......
f - Conjure Flame         Conj/Fire      ##......     17%         3    #......
g - Slow                  Hex            #.......     12%         2    None


Dungeon Overview and Level Annotations

Branches:
Dungeon (4/15)
 Temple: D:4-7

Altars:


Message History

Confirm with . or Enter, or press ? or * to list all spells.
Aiming: Magic Dart
Press: ? - help, Shift-Dir - straight line, f/p - orc priest
Aim: an orc priest, wielding a short sword and wearing a ring mail (moderately wounded)
The magic dart hits the orc priest.
The orc priest is moderately wounded.
Casting: Magic Dart
Confirm with . or Enter, or press ? or * to list all spells.
Aiming: Mephitic Cloud
Press: ? - help, Shift-Dir - straight line, f/p - orc priest
Aim: an orc priest, wielding a short sword and wearing a ring mail (moderately wounded)
The ball explodes into a vile cloud!
The stinking cloud engulfs the orc priest.
The orc priest is moderately wounded.
The stinking cloud engulfs you!
You hear a shout! x2
The orc priest is engulfed in noxious fumes.
The orc priest appears confused.
The orc priest hits you with a short sword.
You die...

#.. #.# . #.#
.. ####.# ..
#....# .#
##....## .# #
#......##.#
....#.....@o.#
#...<..##ยง#
##....## .#
###.## o# #.#
.. #.# .# #.#
# ..# #.#


You could see an orc priest (confused) and an orc wizard.

Vanquished Creatures
  A gnoll (D:2)
  5 adders
  An ooze (D:1)
  2 worms (D:2)
  2 dart slugs (D:3)
  4 leopard geckos
  4 orcs
  2 ball pythons
  A giant cockroach (D:2)
  12 goblins
  5 hobgoblins
  A jackal (D:2)
  A quokka (D:2)
  7 bats
  4 frilled lizards
  3 kobolds
  7 rats
62 creatures vanquished.

Vanquished Creatures (collateral kills)
  2 gnolls (D:2)
2 creatures vanquished.

Grand Total: 64 creatures vanquished

Notes
Turn   | Place    | Note
-------+----------+-------------------------------------------
     0 | D:1      | Mefis the Deep Elf Wizard began the quest for the Orb.
     0 | D:1      | Reached XP level 1. HP: 10/10 MP: 7/7
   292 | D:1      | Reached XP level 2. HP: 15/15 MP: 7/9
   296 | D:1      | Learned a level 2 spell: Call Imp
   299 | D:1      | Learned a level 2 spell: Blink
   302 | D:1      | Learned a level 2 spell: Repel Missiles
   992 | D:1      | Reached skill level 5 in Spellcasting
  1302 | D:2      | Reached XP level 3. HP: 19/19 MP: 3/11
  1307 | D:2      | Learned a level 3 spell: Mephitic Cloud
  1379 | D:2      | Reached skill level 1 in Air Magic
  2043 | D:2      | Reached skill level 1 in Charms
  2219 | D:2      | Reached XP level 4. HP: 24/24 MP: 10/13
  2224 | D:2      | Learned a level 3 spell: Conjure Flame
  3291 | D:3      | Reached XP level 5. HP: 28/28 MP: 6/15
  3359 | D:3      | Learned a level 2 spell: Slow
  3593 | D:4      | Slain by an orc priest

Skill      XL: |  1  2  3  4 |
---------------+-------------+-----
Spellcasting   | 5 |  5.7
Air Magic      | 1 |  1.7
Stealth        | 3 |  3.2
Charms         | 1 |  1.7
Conjurations   | 2 |  2.3
Dodging        | |  2.9
Hexes          | |  0.3
Summonings     | |  1.1
Translocations | |  1.1
Poison Magic   | |  0.7

Action                   |  1- 3 |  4- 6 || total
-------------------------+-------+-------++-------
Melee: Spear             |     3 |       ||     3
 Cast: Magic Dart        |    80 |    72 ||   152
       Call Imp          |     4 |       ||     4
       Repel Missiles    |     1 |       ||     1
       Mephitic Cloud    |     1 |     2 ||     3
  Eat: Chunk             |     2 |     4 ||     6
       Beef jerky        |     1 |       ||     1
Armor: Robe              |     4 |     2 ||     6
Dodge: Dodged            |    10 |     4 ||    14
